[Event "FIDE Grand Swiss 2023"]
[Site "Villa Marina, Douglas, Isle of Man"]
[Date "2023.10.29"]
[Round "5.54"]
[White "Mendonca, Leon Luke"]
[Black "Parligras, Mircea-Emilian"]
[Result "1/2-1/2"]
[WhiteElo "2622"]
[BlackElo "2561"]
[EventDate "2023.10.25"]
[ECO "B90"]
[PlyCount "116"]
[BlackFideId "1204297"]
[TimeControl "40/100 + 20/50 + 15 + 30s/move"]
[WhiteFideId "35028561"]

1.e4 c5 2.Nf3 d6 3.d4 cxd4 4.Nxd4 Nf6 5.Nc3 a6 6.Bd3 g6 7.f3 Qb6 8.a3 Nc6 9.Be3 e5 10.Nf5 Qd8 11.Ng3 Bg7 12.Bc4 Be6 13.Nd5 Rc8 14.O-O O-O 15.Rf2 Ne7 16.Nxf6+ Bxf6 17.Bxe6 fxe6 18.Rd2 d5 19.exd5 exd5 20.Ne4 Bg7 21.c3 Qc7 22.Qb3 Qc4 23.Qxc4 Rxc4 24.Nd6 Rc7 25.Bg5 d4 26.Bxe7 Rxe7 27.Ne4 Bh6 28.Rdd1 Be3+ 29.Kf1 b5 30.Ke2 a5 31.a4 Rb8 32.Rdb1 bxa4 33.Rxa4 Reb7 34.b4 Bh6 35.cxd4 exd4 36.Rxa5 Rxb4 37.Rxb4 Rxb4 38.Ra8+ Kf7 39.Ra7+ Ke6 40.Rxh7 Rb2+ 41.Kd3 Be3 42.g3 Ra2 43.Rg7 g5 44.Rb7 Rxh2 45.Rb5 g4 46.f4 Ra2 47.f5+ Kd7 48.Re5 Kc6 49.Rc5+ Kd7 50.Re5 Kc6 51.Re6+ Kb5 52.Nd6+ Kc5 53.Ne4+ Kb5 54.f6 Ra3+ 55.Kc2 d3+ 56.Kb2 Kb4 57.Rd6 Rb3+ 58.Ka2 Ra3+ 1/2-1/2

[Event "FIDE Grand Swiss 2023"]
[Site "Villa Marina, Douglas, Isle of Man"]
[Date "2023.10.29"]
[Round "5.55"]
[White "Greenfeld, Alon"]
[Black "Bachmann, Axel"]
[Result "0-1"]
[WhiteElo "2455"]
[BlackElo "2604"]
[EventDate "2023.10.25"]
[ECO "A17"]
[PlyCount "82"]
[BlackFideId "3700488"]
[TimeControl "40/100 + 20/50 + 15 + 30s/move"]
[WhiteFideId "2800039"]

1.Nf3 Nf6 2.c4 e6 3.Nc3 Bb4 4.g4 Bxc3 5.dxc3 d6 6.g5 Nfd7 7.Bg2 e5 8.Be3 Nc6 9.Qc2 Nb6 10.b3 Be6 11.O-O-O Qe7 12.Nh4 g6 13.Rd2 O-O-O 14.Rhd1 h6 15.Nf3 Bf5 16.Qb2 hxg5 17.Bxg5 f6 18.Be3 e4 19.Nd4 Nxd4 20.Rxd4 Rxh2 21.c5 Rxg2 22.cxb6 axb6 23.Qa3 c5 24.R4d2 g5 25.b4 Rd7 26.Rh1 Kc7 27.Rh8 Qe5 28.Kb2 Rh7 29.Rf8 Bd7 30.Qa8 Kc6 31.b5+ Kxb5 32.Qxb7 Kc4 33.Qa6+ b5 34.Bd4 Qf4 35.Rc2 cxd4 36.cxd4+ Kd5 37.e3 Qf3 38.Qa3 Ke6 39.d5+ Kf5 40.Qxd6 Kg6 41.Rg8+ Kh5 0-1

[Event "FIDE Grand Swiss 2023"]
[Site "Villa Marina, Douglas, Isle of Man"]
[Date "2023.10.29"]
[Round "5.56"]
[White "Iturrizaga Bonelli, Eduardo"]
[Black "Kolbus, Dietmar"]
[Result "1-0"]
[WhiteElo "2615"]
[BlackElo "2225"]
[EventDate "2023.10.25"]
[ECO "D35"]
[PlyCount "65"]
[BlackFideId "4610628"]
[TimeControl "40/100 + 20/50 + 15 + 30s/move"]
[WhiteFideId "3901211"]

1.c4 e6 2.Nc3 d5 3.d4 Nf6 4.cxd5 exd5 5.Bg5 Be7 6.e3 c6 7.Bd3 Nbd7 8.Nge2 Nf8 9.f3 Ne6 10.Bh4 Ne4 11.Bxe7 Nxc3 12.bxc3 Qxe7 13.O-O O-O 14.e4 g6 15.Qd2 f6 16.Rae1 Qd6 17.Qh6 Rf7 18.h4 Qf8 19.Qd2 Kh8 20.c4 dxc4 21.Bxc4 Rg7 22.f4 Nc7 23.Ng3 Bg4 24.f5 Qd6 25.e5 fxe5 26.Ne4 Qxd4+ 27.Qxd4 exd4 28.f6 Rd7 29.f7 Bf5 30.Nf6 Rd6 31.Ne8 Rad8 32.Nxd6 Rxd6 33.Re8+ 1-0

[Event "FIDE Grand Swiss 2023"]
[Site "Villa Marina, Douglas, Isle of Man"]
[Date "2023.10.29"]
[Round "5.57"]
[White "Wu, Li"]
[Black "Adhiban, B."]
[Result "0-1"]
[WhiteElo "2303"]
[BlackElo "2551"]
[EventDate "2023.10.25"]
[ECO "A40"]
[PlyCount "62"]
[BlackFideId "5018471"]
[TimeControl "40/100 + 20/50 + 15 + 30s/move"]
[WhiteFideId "411086"]

1.d4 e6 2.c4 b6 3.e4 Bb7 4.Bd3 Nc6 5.Nf3 Nb4 6.Nc3 Nxd3+ 7.Qxd3 Bb4 8.d5 Ne7 9.Bd2 O-O 10.a3 Bxc3 11.Bxc3 d6 12.dxe6 Ng6 13.exf7+ Rxf7 14.O-O-O Nf4 15.Qc2 Qe7 16.e5 Nxg2 17.exd6 cxd6 18.Nd4 Raf8 19.Rhg1 Rxf2 20.Qd3 Be4 21.Qg3 h5 22.Rd2 Rf1+ 23.Rxf1 Rxf1+ 24.Rd1 Qf7 25.Ne6 Rf2 26.Rd2 Rf1+ 27.Rd1 Rf2 28.Rd2 Rf3 29.Qxg7+ Qxg7 30.Bxg7 Rf1+ 31.Rd1 Rxd1+ 0-1

[Event "FIDE Grand Swiss 2023"]
[Site "Villa Marina, Douglas, Isle of Man"]
[Date "2023.10.30"]
[Round "6.1"]
[White "Esipenko, Andrey"]
[Black "Nakamura, Hikaru"]
[Result "1/2-1/2"]
[WhiteElo "2683"]
[BlackElo "2780"]
[EventDate "2023.10.25"]
[ECO "B27"]
[PlyCount "54"]
[BlackFideId "2016192"]
[TimeControl "40/100 + 20/50 + 15 + 30s/move"]
[WhiteFideId "24175439"]
[ePGN "0.1;DGT LiveChess/2.2.5"]

1.e4 c5 2.Nf3 g6 3.c3 d5 4.e5 a6 5.d4 Nc6 6.h3 Bg7 7.Be2 f6 8.exf6 Nxf6 9.O-O O-O 10.Be3 cxd4 11.cxd4 Nh5 12.Re1 Nf4 13.Bf1 g5 14.Ne5 Nxe5 15.dxe5 Bxe5 16.Nc3 e6 17.Bc5 Bd6 18.Bd4 Ng6 19.Na4 Bc7 20.Bd3 e5 21.Bxg6 exd4 22.Qh5 hxg6 23.Qxg6+ Kh8 24.Qh6+ Kg8 25.Qg6+ Kh8 26.Qh6+ Kg8 27.Qg6+ Kh8 1/2-1/2

[Event "FIDE Grand Swiss 2023"]
[Site "Villa Marina, Douglas, Isle of Man"]
[Date "2023.10.30"]
[Round "6.2"]
[White "Yu, Yangyi"]
[Black "Erigaisi, Arjun"]
[Result "1/2-1/2"]
[WhiteElo "2720"]
[BlackElo "2712"]
[EventDate "2023.10.25"]
[ECO "C42"]
[PlyCount "60"]
[BlackFideId "35009192"]
[TimeControl "40/100 + 20/50 + 15 + 30s/move"]
[WhiteFideId "8603820"]

1.e4 e5 2.Nf3 Nf6 3.Nxe5 d6 4.Nf3 Nxe4 5.d4 d5 6.Bd3 Bd6 7.O-O O-O 8.c4 c6 9.Qc2 Na6 10.a3 Bg4 11.Ne5 Bf5 12.b4 Nc7 13.Nc3 a5 14.bxa5 Ne6 15.Be3 c5 16.cxd5 Nxd4 17.Bxd4 cxd4 18.Bxe4 Bxe4 19.Qxe4 Bxe5 20.Qxe5 dxc3 21.Qxc3 Qxd5 22.Rfd1 Qxa5 23.Qxa5 Rxa5 24.Rab1 Rxa3 25.Rxb7 g6 26.g3 h5 27.h4 Kg7 28.Kg2 Ra6 29.Rbd7 Rf6 30.R1d3 Re8 1/2-1/2

[Event "FIDE Grand Swiss 2023"]
[Site "Villa Marina, Douglas, Isle of Man"]
[Date "2023.10.30"]
[Round "6.3"]
[White "Caruana, Fabiano"]
[Black "Najer, Evgeniy"]
[Result "1-0"]
[WhiteElo "2786"]
[BlackElo "2648"]
[EventDate "2023.10.25"]
[ECO "C50"]
[PlyCount "73"]
[BlackFideId "4118987"]
[TimeControl "40/100 + 20/50 + 15 + 30s/move"]
[WhiteFideId "2020009"]

1.e4 e5 2.Nf3 Nc6 3.Bc4 Bc5 4.d3 Nf6 5.Bg5 h6 6.Bh4 Be7 7.Bg3 d6 8.a4 O-O 9.Nbd2 g6 10.a5 Rb8 11.h3 b5 12.axb6 axb6 13.Bh2 Bd7 14.O-O Nh5 15.Re1 Bg5 16.Nf1 Bf4 17.Ne3 Bxh2+ 18.Kxh2 Nd4 19.Nxd4 exd4 20.Ng4 Kg7 21.Ra7 Ra8 22.Rxa8 Qxa8 23.g3 Re8 24.e5 dxe5 25.Nxe5 Qa5 26.Re4 Nf6 27.Nxd7 Nxe4 28.dxe4 Rxe4 29.Qf3 Qf5 30.Qxf5 gxf5 31.Nb8 f4 32.g4 h5 33.Nc6 hxg4 34.hxg4 Kf6 35.Kg2 Re1 36.Kf3 Rd1 37.Bd3 1-0

[Event "FIDE Grand Swiss 2023"]
[Site "Villa Marina, Douglas, Isle of Man"]
[Date "2023.10.30"]
[Round "6.4"]
[White "Artemiev, Vladislav"]
[Black "Firouzja, Alireza"]
[Result "1/2-1/2"]
[WhiteElo "2697"]
[BlackElo "2777"]
[EventDate "2023.10.25"]
[ECO "C78"]
[PlyCount "133"]
[BlackFideId "12573981"]
[TimeControl "40/100 + 20/50 + 15 + 30s/move"]
[WhiteFideId "24101605"]

1.e4 e5 2.Nf3 Nc6 3.Bb5 a6 4.Ba4 Nf6 5.O-O Bc5 6.c3 b5 7.Bc2 d5 8.d4 dxe4 9.dxc5 Qxd1 10.Bxd1 exf3 11.Bxf3 e4 12.Re1 O-O 13.Be2 Re8 14.Bf4 Nd5 15.Bg3 Ne5 16.Na3 Bg4 17.Bxe5 Bxe2 18.Bxc7 Bd3 19.Bd6 g5 20.Rac1 f5 21.Nc2 Kf7 22.Nd4 Kf6 23.Rcd1 Bc4 24.f3 Bxa2 25.fxe4 fxe4 26.Nc6 e3 27.Na5 Re4 28.b3 Nxc3 29.Rd3 b4 30.c6 Nb5 31.Bc5 e2 32.Rd2 Bb1 33.Rdxe2 Rxe2 34.Rxe2 Rc8 35.Bxb4 Kf5 36.Nc4 Rxc6 37.Re5+ Kf6 38.Be7+ Kf7 39.Bxg5 Re6 40.Rc5 Re2 41.Be3 Be4 42.Bf2 Rc2 43.h4 Rc1+ 44.Kh2 Rc2 45.Rxb5 axb5 46.Nd6+ Kg6 47.Nxe4 Rb2 48.Kg3 Rxb3+ 49.Kf4 h5 50.Bd4 b4 51.Nc5 Rb1 52.Nd3 b3 53.g3 Rd1 54.Ke4 Rd2 55.Ne5+ Kh7 56.Nc4 Rg2 57.Be5 Kg6 58.Kd3 Rf2 59.Kc3 Kf5 60.Kxb3 Rf3+ 61.Kc2 Kg4 62.Kd2 Rxg3 63.Bxg3 Kxg3 64.Ke3 Kxh4 65.Kf4 Kh3 66.Ne3 Kh2 67.Kf3 1/2-1/2

[Event "FIDE Grand Swiss 2023"]
[Site "Villa Marina, Douglas, Isle of Man"]
[Date "2023.10.30"]
[Round "6.5"]
[White "Yakubboev, Nodirbek"]
[Black "Keymer, Vincent"]
[Result "1/2-1/2"]
[WhiteElo "2616"]
[BlackElo "2717"]
[EventDate "2023.10.25"]
[ECO "E12"]
[PlyCount "88"]
[BlackFideId "12940690"]
[TimeControl "40/100 + 20/50 + 15 + 30s/move"]
[WhiteFideId "14203987"]

1.d4 Nf6 2.c4 e6 3.Nf3 b6 4.a3 Bb7 5.Nc3 d5 6.cxd5 Nxd5 7.Qc2 c5 8.e4 Nxc3 9.bxc3 Nd7 10.Bd3 Qc7 11.Qb1 Be7 12.O-O O-O 13.Ra2 h6 14.Re2 a6 15.a4 Rab8 16.Rfe1 c4 17.Bc2 b5 18.axb5 axb5 19.g3 Bd6 20.d5 e5 21.Nh4 b4 22.cxb4 Bc8 23.Ba3 Nf6 24.Qb2 Bg4 25.Re3 Bc5 26.bxc5 Rxb2 27.Bxb2 Qxc5 28.Bxe5 Ra8 29.Kg2 Ra2 30.Bb1 Ra3 31.h3 Rxe3 32.Rxe3 Nd7 33.Bc3 Bd1 34.e5 Qxd5+ 35.Be4 Qe6 36.Bf5 Qc6+ 37.Be4 Qc7 38.Nf5 Nc5 39.Bd5 Ba4 40.Kh2 Ne6 41.Nd6 Bb3 42.Bf3 Qa7 43.h4 Qa2 44.Kg2 Qb1 1/2-1/2

[Event "FIDE Grand Swiss 2023"]
[Site "Villa Marina, Douglas, Isle of Man"]
[Date "2023.10.30"]
[Round "6.6"]
[White "Vidit, Santosh Gujrathi"]
[Black "Niemann, Hans Moke"]
[Result "1-0"]
[WhiteElo "2716"]
[BlackElo "2667"]
[EventDate "2023.10.25"]
[ECO "C88"]
[PlyCount "105"]
[BlackFideId "2093596"]
[TimeControl "40/100 + 20/50 + 15 + 30s/move"]
[WhiteFideId "5029465"]

1.e4 e5 2.Nf3 Nc6 3.Bb5 a6 4.Ba4 Nf6 5.O-O Be7 6.Re1 b5 7.Bb3 O-O 8.a4 Bb7 9.d3 d6 10.Bd2 Qd7 11.h3 Nd8 12.axb5 axb5 13.Rxa8 Bxa8 14.Nc3 Ne6 15.Bxe6 fxe6 16.b4 Bb7 17.Qa1 Ra8 18.Qb2 h6 19.Ra1 Rxa1+ 20.Qxa1 Kf7 21.Qa7 Bc6 22.Qa5 Kg8 23.Be3 Kh7 24.Ba7 Bd8 25.Qa6 Be7 26.Bb8 Kg8 27.Nb1 Nh5 28.g3 Bd8 29.Nbd2 Qe8 30.Kf1 Nf6 31.Ke1 Kh7 32.Ke2 Qd7 33.Kd1 Ng8 34.Nb3 Ne7 35.Na5 Qe8 36.Ke2 d5 37.Nd2 Qh5+ 38.Ke1 Bd7 39.Qb7 dxe4 40.dxe4 Qxh3 41.Bxc7 Qh1+ 42.Ke2 Qh5+ 43.Nf3 Qe8 44.Nxe5 Bc8 45.Qa7 Ng6 46.Bxd8 Nxe5 47.Qc7 Qh5+ 48.Kd2 Nf3+ 49.Kc3 Qh1 50.Kb2 Nd2 51.Bf6 Qb1+ 52.Ka3 Qc1+ 53.Bb2 1-0

[Event "FIDE Grand Swiss 2023"]
[Site "Villa Marina, Douglas, Isle of Man"]
[Date "2023.10.30"]
[Round "6.7"]
[White "Sevian, Samuel"]
[Black "Sindarov, Javokhir"]
[Result "0-1"]
[WhiteElo "2698"]
[BlackElo "2658"]
[EventDate "2023.10.25"]
[ECO "A10"]
[PlyCount "46"]
[BlackFideId "14205483"]
[TimeControl "40/100 + 20/50 + 15 + 30s/move"]
[WhiteFideId "2040506"]

1.c4 g6 2.e4 e5 3.Nf3 Bg7 4.d4 exd4 5.Nxd4 Nf6 6.Nc3 O-O 7.Be3 c6 8.Qd2 Re8 9.f3 d5 10.exd5 cxd5 11.O-O-O Nc6 12.Nxc6 bxc6 13.Bd4 Rb8 14.cxd5 c5 15.Bxc5 Qa5 16.Bd6 Bf5 17.g4 Rbc8 18.gxf5 Nxd5 19.fxg6 hxg6 20.Bh3 Nxc3 21.Bxc8 Rxc8 22.Qd3 Qxa2 23.Bc7 Nxd1 0-1

[Event "FIDE Grand Swiss 2023"]
[Site "Villa Marina, Douglas, Isle of Man"]
[Date "2023.10.30"]
[Round "6.8"]
[White "Predke, Alexandr"]
[Black "Shankland, Sam"]
[Result "1-0"]
[WhiteElo "2656"]
[BlackElo "2698"]
[EventDate "2023.10.25"]
[ECO "D15"]
[PlyCount "85"]
[BlackFideId "2004887"]
[TimeControl "40/100 + 20/50 + 15 + 30s/move"]
[WhiteFideId "24107581"]

1.d4 d5 2.c4 c6 3.Nf3 Nf6 4.Nc3 dxc4 5.e4 b5 6.a4 b4 7.Na2 Nxe4 8.Bxc4 e6 9.O-O Nf6 10.Re1 a5 11.Bg5 Be7 12.Ne5 h6 13.Bf4 Ba6 14.Bb3 Bd6 15.Ng6 Bxf4 16.Nxh8 Bc8 17.Nc1 Bxc1 18.Rxc1 Kf8 19.Qe2 Qd6 20.d5 exd5 21.Bxd5 Bg4 22.Nxf7 Qd7 23.Qc2 Qxd5 24.Ne5 Nbd7 25.Ng6+ Kf7 26.Nf4 Qg5 27.Qxc6 Qxf4 28.Qxa8 Be6 29.Qxa5 b3 30.Re3 Qd4 31.Rce1 Bd5 32.Qb5 Bc4 33.Qb4 Nd5 34.Qd6 N7f6 35.Qe6+ Kf8 36.Qc8+ Kf7 37.Qe6+ Kf8 38.Rf3 g5 39.Rc1 Kg7 40.Rxf6 Nxf6 41.Qxc4 Qxb2 42.Qc3 Qa2 43.Ra1 1-0

[Event "FIDE Grand Swiss 2023"]
[Site "Villa Marina, Douglas, Isle of Man"]
[Date "2023.10.30"]
[Round "6.9"]
[White "Wojtaszek, Radoslaw"]
[Black "L'ami, Erwin"]
[Result "1-0"]
[WhiteElo "2668"]
[BlackElo "2627"]
[EventDate "2023.10.25"]
[ECO "D08"]
[PlyCount "155"]
[BlackFideId "1007998"]
[TimeControl "40/100 + 20/50 + 15 + 30s/move"]
[WhiteFideId "1118358"]

1.d4 d5 2.c4 e5 3.dxe5 d4 4.Nf3 Nc6 5.Nbd2 Nge7 6.Nb3 Ng6 7.Nbxd4 Ngxe5 8.Nxe5 Nxe5 9.e3 Bc5 10.Qc2 O-O 11.Nb3 Bb4+ 12.Bd2 Bxd2+ 13.Nxd2 Re8 14.O-O-O Qf6 15.Ne4 Qc6 16.Nc3 Be6 17.Nd5 Kh8 18.Be2 Rad8 19.Rd4 Nxc4 20.Ne7 Rxd4 21.Nxc6 Rd2 22.Qxc4 Bxc4 23.Kxd2 Bxe2 24.Kxe2 bxc6 25.Rd1 Kg8 26.Rd7 Rc8 27.Kd3 Kf8 28.Kc4 Ke8 29.Rd2 Rb8 30.Kc5 Rb6 31.b3 Ra6 32.a4 Rb6 33.b4 a5 34.bxa5 Ra6 35.Rd4 h5 36.h4 Ke7 37.f3 Ke6 38.Kb4 Ra8 39.Kc5 Ra6 40.Kb4 Ra8 41.g4 hxg4 42.Rxg4 g6 43.Rg5 Kd6 44.e4 Ra7 45.f4 Rb7+ 46.Kc4 Ra7 47.h5 gxh5 48.Rxh5 f6 49.Rf5 Ke6 50.Kd4 Ke7 51.Rc5 Kd6 52.Rf5 Ke7 53.Ke3 Ke6 54.Kf3 Ra8 55.Kg4 Rg8+ 56.Kh5 Rh8+ 57.Kg6 Rg8+ 58.Kh6 Kf7 59.Kh5 Rh8+ 60.Kg4 Ke6 61.a6 Ra8 62.Ra5 c5 63.a7 Kd6 64.Kf3 c6 65.Ke3 Kc7 66.Rxc5 Rxa7 67.Rf5 Rxa4 68.Rxf6 Ra3+ 69.Kd4 Ra4+ 70.Ke5 c5 71.Re6 Rd4 72.f5 Rd8 73.f6 c4 74.f7 c3 75.Re7+ Kb6 76.Re8 c2 77.Rxd8 c1=Q 78.f8=Q 1-0

[Event "FIDE Grand Swiss 2023"]
[Site "Villa Marina, Douglas, Isle of Man"]
[Date "2023.10.30"]
[Round "6.10"]
[White "Zhalmakhanov, Ramazan"]
[Black "Giri, Anish"]
[Result "1/2-1/2"]
[WhiteElo "2447"]
[BlackElo "2760"]
[EventDate "2023.10.25"]
[ECO "B11"]
[PlyCount "160"]
[BlackFideId "24116068"]
[TimeControl "40/100 + 20/50 + 15 + 30s/move"]
[WhiteFideId "13706357"]

1.e4 c6 2.Nc3 d5 3.Nf3 Bg4 4.h3 Bxf3 5.Qxf3 e6 6.d4 Nf6 7.Bg5 Be7 8.O-O-O Nxe4 9.Bxe7 Qxe7 10.Nxe4 dxe4 11.Qxe4 Nd7 12.Bd3 Nf6 13.Qh4 h6 14.Rhe1 Rd8 15.c3 O-O 16.Re5 Rfe8 17.f4 Nd7 18.Qxe7 Rxe7 19.Re3 Kf8 20.Rde1 Ree8 21.Be4 Nb6 22.Kc2 g6 23.Bf3 Nc4 24.R3e2 h5 25.g3 Kg7 26.Be4 Rh8 27.Bd3 Nb6 28.h4 Rd5 29.Be4 Rd6 30.Bf3 a5 31.b3 Ra8 32.Re5 Nd7 33.R5e3 Kf8 34.Rd3 Rd8 35.Red1 Nf6 36.c4 Ng8 37.Kc3 Ne7 38.Be4 Ke8 39.a4 Rc8 40.b4 axb4+ 41.Kxb4 Ra8 42.a5 Ra6 43.Ra3 Kd8 44.Kc5 Kc7 45.Rb1 Rd8 46.Rb6 Rda8 47.Rxa6 Rxa6 48.Kb4 Ra8 49.Ra1 Ng8 50.Ra3 Nf6 51.Bf3 Kd6 52.Rd3 Ra6 53.Rd1 Ra8 54.Rd3 Rb8 55.Ra3 Nd7 56.Kc3 Ra8 57.Kb4 Ra6 58.Rd3 Nf6 59.Rd1 Kc7 60.Ra1 Ra8 61.Ra3 Kd6 62.Rd3 Rc8 63.Ra3 Rb8 64.Kc3 Ra8 65.Kb4 Ne8 66.Ra1 Nf6 67.Ra3 Ng8 68.Be4 Ne7 69.Rd3 Ra6 70.Ra3 Kc7 71.Kc3 Ra8 72.Ra1 Kd6 73.Rb1 Kc7 74.Ra1 Ra7 75.Kb4 Kd6 76.Ra3 Ra8 77.Rb3 Kc7 78.Ra3 Ra6 79.Kc3 Ra8 80.Kb4 Kd6 1/2-1/2

[Event "FIDE Grand Swiss 2023"]
[Site "Villa Marina, Douglas, Isle of Man"]
[Date "2023.10.30"]
[Round "6.11"]
[White "Shirov, Alexei"]
[Black "Rapport, Richard"]
[Result "1/2-1/2"]
[WhiteElo "2655"]
[BlackElo "2752"]
[EventDate "2023.10.25"]
[ECO "B33"]
[PlyCount "41"]
[BlackFideId "738590"]
[TimeControl "40/100 + 20/50 + 15 + 30s/move"]
[WhiteFideId "2209390"]

1.e4 c5 2.Nf3 Nc6 3.d4 cxd4 4.Nxd4 Nf6 5.Nc3 e5 6.Ndb5 d6 7.Bg5 a6 8.Na3 b5 9.Nd5 Be7 10.Bxf6 Bxf6 11.c3 Rb8 12.Nc2 Bg5 13.a4 bxa4 14.Ncb4 Nxb4 15.cxb4 Bd7 16.Bxa6 O-O 17.O-O Qe8 18.Nc7 Qd8 19.Nd5 Qe8 20.Nc7 Qd8 21.Nd5 1/2-1/2

[Event "FIDE Grand Swiss 2023"]
[Site "Villa Marina, Douglas, Isle of Man"]
[Date "2023.10.30"]
[Round "6.12"]
[White "Yilmaz, Mustafa"]
[Black "Duda, Jan-Krzysztof"]
[Result "1/2-1/2"]
[WhiteElo "2640"]
[BlackElo "2726"]
[EventDate "2023.10.25"]
[ECO "D41"]
[PlyCount "66"]
[BlackFideId "1170546"]
[TimeControl "40/100 + 20/50 + 15 + 30s/move"]
[WhiteFideId "6302718"]

1.d4 Nf6 2.c4 e6 3.Nf3 d5 4.Nc3 c5 5.cxd5 cxd4 6.Qxd4 exd5 7.e4 dxe4 8.Qxd8+ Kxd8 9.Ng5 Be6 10.Nxe6+ fxe6 11.Bg5 h6 12.O-O-O+ Ke7 13.Bxf6+ gxf6 14.Nxe4 f5 15.Ng3 h5 16.Bb5 Kf6 17.Kb1 Bc5 18.f4 Nc6 19.Ne2 Rag8 20.g3 h4 21.a3 Nd8 22.Rhf1 Nf7 23.Rd7 Rd8 24.Rc1 Bb6 25.Rcd1 Nh6 26.Rxd8 Bxd8 27.Bc4 Bb6 28.Rd6 Re8 29.Nd4 Nf7 30.Rxe6+ Rxe6 31.Nxe6 Nd6 32.Bd5 hxg3 33.hxg3 Bf2 1/2-1/2

[Event "FIDE Grand Swiss 2023"]
[Site "Villa Marina, Douglas, Isle of Man"]
[Date "2023.10.30"]
[Round "6.13"]
[White "Abdusattorov, Nodirbek"]
[Black "Aravindh, Chithambaram Vr."]
[Result "1/2-1/2"]
[WhiteElo "2716"]
[BlackElo "2649"]
[EventDate "2023.10.25"]
[ECO "D37"]
[PlyCount "86"]
[BlackFideId "5072786"]
[TimeControl "40/100 + 20/50 + 15 + 30s/move"]
[WhiteFideId "14204118"]

1.d4 Nf6 2.c4 e6 3.Nf3 d5 4.Nc3 Be7 5.Bf4 O-O 6.e3 Nbd7 7.c5 c6 8.Bd3 b6 9.b4 a5 10.a3 Ba6 11.O-O Qc8 12.Rb1 Bxd3 13.Qxd3 Qb7 14.Rfc1 Rfc8 15.h3 h6 16.Ne1 Bd8 17.Qc2 axb4 18.axb4 Bc7 19.Nd3 b5 20.Ra1 Ne4 21.Ne2 Bxf4 22.exf4 Ra6 23.Rxa6 Qxa6 24.f3 Nef6 25.Nc3 Ra8 26.g4 Qb7 27.Qb2 Ne8 28.Re1 Nc7 29.h4 Qc8 30.h5 Qd8 31.Kg2 Qf6 32.Ne2 Qd8 33.Kh3 Ra6 34.Rg1 Qa8 35.Nc3 Qe8 36.Nc1 f6 37.Nd3 e5 38.dxe5 fxe5 39.fxe5 d4 40.Ne4 Nxe5 41.Nd6 Nxd3 42.Qb3+ Qe6 43.Qxd3 Qe3 1/2-1/2

[Event "FIDE Grand Swiss 2023"]
[Site "Villa Marina, Douglas, Isle of Man"]
[Date "2023.10.30"]
[Round "6.14"]
[White "Vitiugov, Nikita"]
[Black "Melkumyan, Hrant"]
[Result "1/2-1/2"]
[WhiteElo "2711"]
[BlackElo "2650"]
[EventDate "2023.10.25"]
[ECO "C65"]
[PlyCount "60"]
[BlackFideId "13302485"]
[TimeControl "40/100 + 20/50 + 15 + 30s/move"]
[WhiteFideId "4152956"]

1.e4 e5 2.Nf3 Nc6 3.Bb5 Nf6 4.d3 d6 5.O-O Be7 6.Re1 O-O 7.h3 a6 8.Bxc6 bxc6 9.d4 Nd7 10.c4 exd4 11.Nxd4 Ne5 12.Bf4 Bd7 13.Qc2 Bf6 14.Nd2 c5 15.N4f3 Re8 16.Rad1 Bc6 17.Re3 a5 18.a4 Qb8 19.b3 Qb7 20.Bxe5 Bxe5 21.Nxe5 Rxe5 22.Rde1 Qb4 23.Nf3 Re7 24.R1e2 Rae8 25.Kh2 f6 26.Nd2 Rb8 27.Nf3 Rbe8 28.Nd2 Rb8 29.Nf3 Rbe8 30.Nd2 Rb8 1/2-1/2

[Event "FIDE Grand Swiss 2023"]
[Site "Villa Marina, Douglas, Isle of Man"]
[Date "2023.10.30"]
[Round "6.15"]
[White "Bartel, Mateusz"]
[Black "Maghsoodloo, Parham"]
[Result "1/2-1/2"]
[WhiteElo "2651"]
[BlackElo "2707"]
[EventDate "2023.10.25"]
[ECO "B12"]
[PlyCount "60"]
[BlackFideId "12539929"]
[TimeControl "40/100 + 20/50 + 15 + 30s/move"]
[WhiteFideId "1112635"]

1.e4 c6 2.d4 d5 3.e5 Bf5 4.Nf3 e6 5.c3 Nd7 6.Be2 a5 7.Nbd2 a4 8.Nf1 h6 9.Ne3 Bh7 10.O-O Ne7 11.Bd2 Nf5 12.b3 Be7 13.c4 O-O 14.Bd3 Nxe3 15.Bxh7+ Kxh7 16.Bxe3 Qa5 17.Rc1 axb3 18.axb3 Kg8 19.Ne1 dxc4 20.bxc4 c5 21.Qg4 cxd4 22.Bxh6 Qxe5 23.Nf3 Qf6 24.Bg5 Qg6 25.Qxd4 Bxg5 26.Nxg5 Qxg5 27.Qxd7 b6 28.Rb1 Rac8 29.Rxb6 Qc5 30.Qb5 Qxc4 1/2-1/2

[Event "FIDE Grand Swiss 2023"]
[Site "Villa Marina, Douglas, Isle of Man"]
[Date "2023.10.30"]
[Round "6.16"]
[White "Jumabayev, Rinat"]
[Black "Deac, Bogdan-Daniel"]
[Result "0-1"]
[WhiteElo "2585"]
[BlackElo "2701"]
[EventDate "2023.10.25"]
[ECO "B51"]
[PlyCount "120"]
[BlackFideId "1226380"]
[TimeControl "40/100 + 20/50 + 15 + 30s/move"]
[WhiteFideId "13702661"]

1.e4 c5 2.Nf3 d6 3.Bb5+ Nd7 4.d4 cxd4 5.Qxd4 a6 6.Be2 Ngf6 7.O-O e5 8.Qe3 Nc5 9.Nc3 Ng4 10.Qd2 Nf6 11.Qe3 Be7 12.Rd1 Ng4 13.Qd2 Nf6 14.Qe3 Ng4 15.Qd2 Nf6 16.Qe1 Bd7 17.Nd2 Qc7 18.a4 O-O 19.a5 Rad8 20.Bf3 Ne6 21.Nb3 h6 22.Be3 Rc8 23.h4 Qb8 24.g3 Rfe8 25.Qe2 Nf8 26.Rac1 Bd8 27.Ra1 Be7 28.Na4 Bb5 29.Qd2 N8d7 30.Nc3 Bc4 31.Nc1 Be6 32.Qe2 b5 33.axb6 Nxb6 34.Nd3 Nc4 35.Bc1 Bd8 36.Rxa6 Ba5 37.b4 Qb7 38.Rxa5 Nxa5 39.Nd5 Bxd5 40.exd5 Nc4 41.Bg2 e4 42.Nf4 Qxb4 43.g4 Re5 44.Bf1 Qc3 45.Ng2 Qf3 46.g5 hxg5 47.Bxg5 Rxd5 48.Ra1 Ra5 49.Rd1 Ne5 50.Ne3 Qh5 51.Qxh5 Nxh5 52.Be7 d5 53.Bh3 Nf3+ 54.Kf1 Rca8 55.Bg4 Nh2+ 56.Kg2 Nxg4 57.Nxg4 Nf4+ 58.Kg3 Ne6 59.c3 Rc8 60.Bb4 Rb5 0-1

[Event "FIDE Grand Swiss 2023"]
[Site "Villa Marina, Douglas, Isle of Man"]
[Date "2023.10.30"]
[Round "6.17"]
[White "Nihal, Sarin"]
[Black "Narayanan.S.L"]
[Result "1/2-1/2"]
[WhiteElo "2694"]
[BlackElo "2651"]
[EventDate "2023.10.25"]
[ECO "D41"]
[PlyCount "60"]
[BlackFideId "5058422"]
[TimeControl "40/100 + 20/50 + 15 + 30s/move"]
[WhiteFideId "25092340"]

1.d4 Nf6 2.c4 e6 3.Nf3 d5 4.Nc3 c5 5.cxd5 cxd4 6.Qxd4 exd5 7.e4 dxe4 8.Qxd8+ Kxd8 9.Ng5 Be6 10.Bb5 a6 11.Ba4 Bb4 12.O-O Ke7 13.Rd1 Rc8 14.Ncxe4 Nxe4 15.Nxe4 b5 16.Bb3 Bxb3 17.axb3 Nc6 18.Be3 Rd8 19.Rxd8 Nxd8 20.Kf1 Ne6 21.g4 a5 22.Rc1 Rd8 23.Ke2 Nd4+ 24.Bxd4 Rxd4 25.Ke3 Rd7 26.f4 f6 27.f5 Bd6 28.Nxd6 Kxd6 29.Kd4 Re7 30.Ra1 Re2 1/2-1/2

[Event "FIDE Grand Swiss 2023"]
[Site "Villa Marina, Douglas, Isle of Man"]
[Date "2023.10.30"]
[Round "6.18"]
[White "Fedoseev, Vladimir"]
[Black "Saric, Ivan"]
[Result "1-0"]
[WhiteElo "2691"]
[BlackElo "2647"]
[EventDate "2023.10.25"]
[ECO "E35"]
[PlyCount "163"]
[BlackFideId "14508150"]
[TimeControl "40/100 + 20/50 + 15 + 30s/move"]
[WhiteFideId "24130737"]

1.d4 Nf6 2.c4 e6 3.Nc3 Bb4 4.Qc2 d5 5.cxd5 exd5 6.Bg5 h6 7.Bh4 O-O 8.e3 c5 9.dxc5 Be6 10.Nf3 Nbd7 11.Be2 Rc8 12.O-O Nxc5 13.Qb1 Bxc3 14.bxc3 g5 15.Bg3 Nfe4 16.Qb4 Nxg3 17.hxg3 Qf6 18.Nd4 b6 19.a4 Ne4 20.a5 bxa5 21.Qxa5 Rxc3 22.Qxa7 Rfc8 23.Ba6 Rf8 24.Qb6 Qe5 25.Nf3 Rb8 26.Qd4 Qxd4 27.Nxd4 Ra8 28.Rfd1 Nc5 29.Bf1 Rxa1 30.Rxa1 Ne4 31.Be2 Kg7 32.Bd1 Rd3 33.Nf3 Bg4 34.Bc2 Rc3 35.Nd4 Nc5 36.Ra2 Ne6 37.Nb5 Rc6 38.f3 Bh5 39.Bb3 Rc1+ 40.Kf2 Rb1 41.Ba4 Rb4 42.Nd6 Bg6 43.Ne8+ Kf8 44.Nf6 d4 45.e4 Nc5 46.Bd1 Nd3+ 47.Kf1 Rb1 48.Rd2 Nb2 49.Ke1 d3 50.g4 Kg7 51.Nd5 h5 52.Nc3 Rc1 53.Rxb2 Rxc3 54.gxh5 Bxh5 55.Kd2 Ra3 56.Bb3 g4 57.f4 g3 58.Bc4 Ra1 59.Bxd3 Rd1+ 60.Ke3 Re1+ 61.Kd4 Rd1 62.Rb5 Be2 63.Rg5+ Kf6 64.Rxg3 Rd2 65.Kc3 Ra2 66.Bc2 Ra1 67.Kd2 Bc4 68.Rc3 Be6 69.g3 Rg1 70.Re3 Rg2+ 71.Kc3 Bg4 72.Bb3 Kg6 73.Kd4 Rd2+ 74.Kc5 Kf6 75.Bd5 Be6 76.Kd6 Rd1 77.Ra3 Rd2 78.Ra8 Kg7 79.Ke5 Bg4 80.Ra7 Bh5 81.Kf5 Rg2 82.Kg5 1-0

[Event "FIDE Grand Swiss 2023"]
[Site "Villa Marina, Douglas, Isle of Man"]
[Date "2023.10.30"]
[Round "6.19"]
[White "Sarana, Alexey"]
[Black "Nguyen, Thai Dai Van"]
[Result "1-0"]
[WhiteElo "2682"]
[BlackElo "2618"]
[EventDate "2023.10.25"]
[ECO "D37"]
[PlyCount "81"]
[BlackFideId "358878"]
[TimeControl "40/100 + 20/50 + 15 + 30s/move"]
[WhiteFideId "24133795"]

1.d4 Nf6 2.c4 e6 3.Nf3 d5 4.Nc3 Be7 5.Bg5 h6 6.Bh4 dxc4 7.e3 Nd5 8.Bxe7 Qxe7 9.Qa4+ c6 10.Qxc4 b6 11.Be2 O-O 12.O-O Bb7 13.Rac1 Nxc3 14.Qxc3 Nd7 15.Rfd1 Rfc8 16.Nd2 c5 17.Qa3 a5 18.Bf3 Bxf3 19.Nxf3 b5 20.h3 b4 21.Qd3 Qe8 22.Qb5 Rcb8 23.Qc6 Rc8 24.Qd6 cxd4 25.Nxd4 Nf6 26.Nc6 Kh8 27.Ne5 Kg8 28.f3 Rd8 29.Qc6 Qe7 30.Rxd8+ Rxd8 31.Qb6 Qd6 32.Qxd6 Rxd6 33.Rc8+ Kh7 34.Rh8+ Kxh8 35.Nxf7+ Kg8 36.Nxd6 Nd5 37.Kf2 a4 38.a3 Nc3 39.Ke1 bxa3 40.bxa3 Kf8 41.Kd2 1-0